 Dungeon Crawl Stone Soup version 0.22-a0-570-g58866f5 (webtiles) character file.

142 iamserjio the Shield-Bearer (level 5, -1/33 HPs)
             Began as a Gargoyle Fighter on June 30, 2018.
             Was an Initiate of Trog.
             Killed from afar by an orc wizard (10 damage)
             ... with a puff of frost
             ... on level 4 of the Dungeon.
             The game lasted 00:05:43 (991 turns).

iamserjio the Shield-Bearer (Gargoyle Fighter)       Turns: 991, Time: 00:05:44

Health: -1/33      AC: 13    Str: 20    XL:     5   Next: 24%
Magic:  5/5        EV:  7    Int:  8    God:    Trog [......]
Gold:   98         SH:  9    Dex: 12    Spells: 4/4 levels left

rFire    . . .     SeeInvis .   a - +0 war axe
rCold    . . .     Gourm    .   c - +0 shield
rNeg     + . .     Faith    .   b - +0 scale mail
rPois    ∞         Spirit   .   (no helmet)
rElec    +         Reflect  .   m - +1 cloak
rCorr    .         Harm     .   (no gloves)
MR       .....                  (no boots)
Stlth    ..........             (no amulet)
HPRegen  0.11/turn              e - -3 ring of slaying (curse)
MPRegen  0.09/turn              g - +2 ring of dexterity

@: no status effects
A: negative energy resistance 1, electricity resistance, unbreathing,
petrification resistance, rot immunity, AC +4
a: Renounce Religion


You were on level 4 of the Dungeon.
You worshipped Trog.
Trog was noncommittal.
You were hungry.

You visited 2 branches of the dungeon, and saw 5 of its levels.

You collected 98 gold pieces.

Inventory:

Hand Weapons
 a - a +0 war axe (weapon)
 j - a +1 mace of protection
 r - a +0 flail
Armour
 b - a +0 scale mail (worn)
 c - a +0 shield (worn)
 m - a +1 cloak (worn)
Jewellery
 e - a cursed -3 ring of slaying (left hand)
 g - a +2 ring of dexterity (right hand)
 p - a +4 ring of dexterity
Wands
 o - a wand of acid (8)
Scrolls
 h - a scroll of random uselessness
 q - a scroll of enchant weapon
Potions
 d - a potion of might
 i - a potion of curing {unknown}
 k - 2 potions of haste {unknown}
 l - a potion of lignification {unknown}
 n - a potion of mutation {unknown}
 s - a potion of flight {unknown}
Comestibles
 f - 2 rations


   Skills:
 + Level 3.9 Fighting
 * Level 3.1 Axes
 + Level 4.0 Armour
 * Level 4.5 Shields


You had 4 spell levels left.
You didn't know any spells.
Your spell library was empty.

Dungeon Overview and Level Annotations

Branches:
Dungeon (4/15)             Temple (1/1) D:4

Altars:
Gozag
Nemelex Xobeh
Ru
Trog
Xom

Annotations:
D:4 Eustachio


Innate Abilities, Weirdness & Mutations

You are resistant to torment.
Your stone body is resilient. (AC +4)
You are immune to poison.
You resist negative energy. (rN+)
You are resistant to electric shocks. (rElec)
You can survive without breathing.
You are immune to petrification.
You are immune to rotting.


Message History

The orc wizard blinks!
The leopard gecko bites you but does no damage.
The orc wizard mumbles some strange words.
The orc wizard blinks!
Eustachio screams, "At last I'll have my revenge!"
You block the leopard gecko's attack.
You hit the leopard gecko but do no damage.
The leopard gecko is heavily wounded.
The leopard gecko closely misses you.
You slash the leopard gecko!
You kill the leopard gecko!
Trog accepts your kill.
Eustachio screams, "This atrocity can only be purified with blood!"
The orc wizard points at you and mumbles some strange words.
The magic dart hits you!
* * * LOW HITPOINT WARNING * * *
Your shield prevents you from hitting the orc wizard.
Eustachio mumbles some strange words.
The orc wizard casts a spell at you. The puff of frost hits you!
You die...

#. #.# . #.# r.. #.#
#####rb.#.
####.########.@oob@o..
#.......).....######..
#.......####### ...
#.......# ##..##
####.#### ##....# #.#
......... #.#
##...#...# .. #.#
#######....#.⌠.# ..#
#.#
##...#....###...###..#


You could see Eustachio, 2 orc wizards, an orc, a quokka, 2 bats and a rat.

Vanquished Creatures
  A scorpion (D:4)
  A worker ant (D:4)
  An adder (D:3)
  An ooze (D:2)
  2 dart slugs (D:2)
  2 leopard geckos
  6 orcs
  2 bats (D:3)
  3 giant cockroaches
  5 goblins
  5 hobgoblins
  A ball python (D:3)
  2 frilled lizards (D:2)
  5 kobolds
  5 rats
42 creatures vanquished.

Notes
Turn   | Place    | Note
-------+----------+-------------------------------------------
     0 | D:1      | iamserjio the Gargoyle Fighter began the quest for the Orb.
     0 | D:1      | Reached XP level 1. HP: 14/14 MP: 1/1
   251 | D:2      | Reached XP level 2. HP: 19/19 MP: 2/2
   417 | D:3      | Reached XP level 3. HP: 23/23 MP: 3/3
   617 | D:4      | Reached XP level 4. HP: 25/29 MP: 4/4
   626 | D:4      | Found a staircase to the Ecumenical Temple.
   637 | Temple   | Entered the Ecumenical Temple
   707 | Temple   | Became a worshipper of Trog the Wrathful
   938 | D:4      | Reached XP level 5. HP: 16/33 MP: 5/5
   980 | D:4      | Noticed Eustachio
   991 | D:4      | Killed from afar by an orc wizard

Vault maps used:
D:1:      shiori_arrival_maze
D:2:      chequers_ecumenical_altar_lobes, first_ration, xom_redecorated,
          uniq_robin
D:3:      st_stairs_9
D:4:      lemuel_doored_altar, minmay_temple_entry_junction_2, uniq_grinder,
          uniq_eustachio
Temple:   minmay_temple_curvy_branch

Skill      XL: |  1  2  3  4  5 |
---------------+----------------+-----
Axes           | 2 3 |  3.1
Shields        | 4 |  4.5
Armour         | 4 |  4.0
Fighting       | |  3.9

Action                   |  1- 3 |  4- 6 || total
-------------------------+-------+-------++-------
Melee: War axe           |   107 |    57 ||   164
  Use: Scroll            |     3 |       ||     3
Armor: Scale mail        |    64 |    34 ||    98
Dodge: Dodged            |    26 |    25 ||    51
Block: Shield            |    58 |    40 ||    98

Table legend:
 A = Spawn XP
 B = Non-spawn XP
 C = Spawn XP percentage of total XP
 D = Spawn monster count
 E = Non-spawn monster count
 F = Spawn count percentage of total count
 G = Total turns spent on level
                    A         B        C        D         E        F      G
               +---------+---------+-------+---------+---------+-------+---------
         Total |       0 |     203 |   0.0 |       0 |      42 |   0.0 |   991
               +---------+---------+-------+---------+---------+-------+---------
           D:1 |       0 |       5 |   0.0 |       0 |       3 |   0.0 |   114
           D:2 |       0 |      27 |   0.0 |       0 |      11 |   0.0 |   366
           D:3 |       0 |      59 |   0.0 |       0 |      23 |   0.0 |   299
           D:4 |       0 |     112 |   0.0 |       0 |       5 |   0.0 |   116
               +---------+---------+-------+---------+---------+-------+---------
